 Dungeon Crawl Stone Soup version 0.28.0-43-g3370ac3207 (webtiles) character file.

Game seed: 8637654378676757210

170 diana the Skirmisher (level 5, 55/64 HPs)
             Began as a Demonspawn Berserker on Mar 20, 2022.
             Was a Believer of Trog.
             Quit the game on level 3 of the Dungeon.
             The game lasted 00:03:23 (2631 turns).

diana the Skirmisher (Demonspawn Berserker)         Turns: 2631, Time: 00:03:24

Health: 55/64      AC:  3    Str: 19    XL:     5   Next: 25%
Magic:  5/5        EV: 12    Int:  8    God:    Trog [**....]
Gold:   63         SH:  0    Dex: 13    Spells: 4/4 levels left

rFire   . . .      SeeInvis .   a - +0 spear
rCold   . . .      Faith    .   (no shield)
rNeg    . . .      Spirit   .   b - +0 animal skin
rPois   .          Reflect  .   d - +0 helmet
rElec   .          Harm     .   (no cloak)
rCorr   .          Rampage  .   (no gloves)
Will    .....                   (no boots)
Stlth   ..........              (no amulet)
HPRegen 0.20/turn               (no ring)
MPRegen 0.09/turn               (no ring)

@: berserking, very quick
A: hooves 2, spiny 1, demonic magic 1
a: Renounce Religion, Berserk, Trog's Hand


You were on level 3 of the Dungeon.
You worshipped Trog.
Trog was pleased with you.
You visited 1 branch of the dungeon, and saw 3 of its levels.

You collected 63 gold pieces.

Inventory:

Hand Weapons
 a - a +0 spear (weapon)
Armour
 b - a +0 animal skin (worn)
 d - a +0 helmet (worn)
Scrolls
 f - a scroll of fog {unknown}
 h - 4 scrolls of identify {unknown}
 i - a scroll of noise {unknown}
 l - a scroll of summoning {unknown}
 m - a scroll of vulnerability {unknown}
Potions
 c - 2 potions of magic {unknown}
 e - a potion of mutation {unknown}
 g - 3 potions of curing {unknown}
 j - 2 potions of heal wounds {unknown}
 k - a potion of attraction {unknown}


   Skills:
 + Level 4.7 Fighting
 + Level 4.3 Polearms
 - Level 1.7 Armour
 - Level 1.7 Dodging


You had 4 spell levels left.
You didn't know any spells.
Your spell library was empty.

Dungeon Overview and Level Annotations

Branches:
Dungeon (3/15)

Altars:
Beogh

Shops:
D:2 *:?*


Innate Abilities, Weirdness & Mutations

You have hoof-like feet.
You are partially covered in sharp spines.
Spells you cast may paralyse adjacent enemies.


Message History

The orc priest looks satisfied for a moment.
A red film seems to cover your vision as you go berserk!
You feel yourself moving faster!
You feel mighty!
You feel a strong urge to attack something.
The orc priest misses you.
You puncture the orc priest! You kick the orc priest.
You feel the power of Trog in you as your rage grows.
You kill the orc priest!
Trog accepts your kill.
The orc priest casts a cantrip, but nothing happens.
Your Polearms skill increases to level 4!
You reach to attack!
You hit the orc priest.
The orc priest is heavily wounded.
You reach to attack!
You barely miss the orc priest.
The orc priest is heavily wounded.
The orc priest barely misses you.
You reach to attack!
You hit the orc priest but do no damage.
The orc priest is moderately wounded.
The orc priest barely misses you.
You reach to attack!
You closely miss the orc priest.
The orc priest is moderately wounded.
You reach to attack!
You puncture the orc priest!
You kill the orc priest!
Trog accepts your kill.
You have reached level 5!
Your demonic ancestry asserts itself...
A menacing aura infuses your magic.
Things that are here:
a +3 vorpal hand axe; a +0 ring mail; an orc corpse You barely miss the orc priest.
Your kick misses the orc priest.
The orc priest is struck by your spines.
The orc priest barely misses you.
You puncture the orc priest!
The orc priest is severely wounded.
You puncture the orc priest!
You kill the orc priest!
Trog accepts your kill.
No target in view!
Are you sure you want to abandon this character and quit the game? (Confirm with "yes".)

#### #$.$## #######
###.8.8.# ## #.....#
#.'..$._# .# #.....#
#####.#.8.8.# .# #.....#
#.@)..# $.$##
.###.....######.##########
.........'†.............
..##.)...######.....###.
..##.....# #####.#
..##.....# # ....######
....# ....#


There were no monsters in sight!

Vanquished Creatures
  3 orc priests (D:3)
  An adder (D:2)
  2 worms (D:2)
  4 dart slugs
  7 ball pythons
  5 endoplasms
  2 giant cockroaches
  5 goblins
  4 hobgoblins (D:1)
  6 kobolds
  3 quokkas
  4 bats
  9 frilled lizards
  5 rats
60 creatures vanquished.

Vanquished Creatures (others)
  A plant (D:1)
  7 toadstools (D:1)
8 creatures vanquished.

Grand Total: 68 creatures vanquished

Notes
Turn   | Place    | Note
-------+----------+-------------------------------------------
     0 | D:1      | diana the Demonspawn Berserker began the quest for the Orb.
     0 | D:1      | Reached XP level 1. HP: 18/18 MP: 1/1
   189 | D:1      | Gained mutation: You have large cloven feet. [demonic
                  | ancestry]
   189 | D:1      | Reached XP level 2. HP: 17/24 MP: 2/2
   769 | D:1      | Reached ** piety under Trog
   985 | D:1      | Gained mutation: You have hoof-like feet. [demonic
                  | ancestry]
   985 | D:1      | Reached XP level 3. HP: 29/29 MP: 3/3
  1390 | D:2      | Found Hiagag's Magic Scroll Emporium.
  1623 | D:2      | Found Keithak's Assorted Antiques.
  1808 | D:2      | Found Vetzoc's Book Emporium.
  1835 | D:2      | Found Fulecokhlai's General Store.
  2116 | D:2      | Gained mutation: You are partially covered in sharp spines.
                  | [demonic ancestry]
  2116 | D:2      | Reached XP level 4. HP: 37/37 MP: 4/4
  2598 | D:3      | Reached *** piety under Trog
  2627 | D:3      | Gained mutation: Spells you cast may paralyse adjacent
                  | enemies. [demonic ancestry]
  2627 | D:3      | Reached XP level 5. HP: 43/43 MP: 5/5
  2631 | D:3      | Quit the game

Illustrated notes

Levels and vault maps discovered:
D:1:      nagdon_arrival_zigzag_paths, layout_basic, minmay_lizard_king
D:2:      layout_loops_ring, serial_shops, nicolae_shop_statue_plus, shop,
          nicolae_shop_hallway_stairs, shop, minmay_crystal_water
D:3:      layout_basic, nemelex_diamond_rough_becter, jmf_multi_god_temple2,
          minmay_misc_feat_nine_boxes, kennysheep_orc_chapel

Skill      XL: |  1  2  3  4 |
---------------+-------------+-----
Polearms       | 3 4 |  4.3
Fighting       | 4 |  4.7
Armour         | |  1.7
Dodging        | |  1.7

Action                   |  1- 3 |  4- 6 || total
-------------------------+-------+-------++-------
Melee: Spear             |   161 |    31 ||   192
       Kick              |    26 |     6 ||    32
       Punch             |     1 |       ||     1
Invok: Berserk           |       |     1 ||     1
 Stab: Sleeping          |     3 |     1 ||     4
Armor: Animal skin       |    25 |       ||    25
Dodge: Dodged            |    78 |     8 ||    86
